 Dungeon Crawl Stone Soup version 0.19-a0-1937-g70ed36a (webtiles) character file.

319 HumanBeing the Changer (level 6, -20/43 HPs)
             Began as a Human Transmuter on Oct 26, 2016.
             Demolished by Crazy Yiuf
             ... wielding a +4 quarterstaff of chaos
              (23 damage)
             ... on level 3 of the Dungeon.
             The game lasted 00:09:03 (2856 turns).

HumanBeing the Changer (Human Transmuter)           Turns: 2856, Time: 00:09:04

Health: -20/43     AC:  2    Str: 12    XL:     6   Next: 74%
Magic:  5/10       EV: 19    Int: 13    God:
Gold:   46         SH:  0    Dex: 19    Spells: 3 memorised, 4 levels left

rFire  . . .     SeeInvis .       - Unarmed
rCold  . . .     Gourm    .     (armour currently unavailable)
rNeg   . . .     Faith    .     (shield currently unavailable)
rPois  x         Spirit   .     (helmet currently unavailable)
rElec  .         Reflect  .     (cloak currently unavailable)
rCorr  .         Harm     .     (gloves currently unavailable)
MR     .....                    (boots currently unavailable)
Stlth  ++........               o - amulet of regeneration
                                (no ring)
                                (no ring)

@: spider-form (expiring), very slightly contaminated, drained
A: (hooves 0), (iridescent scales 0), evolution 1
a: End Transformation


You were on level 3 of the Dungeon.
You were hungry.
You were a venomous arachnid creature.
You visited 1 branch of the dungeon, and saw 3 of its levels.

You collected 46 gold pieces.

Inventory:

Missiles
 a - 44 arrows
Armour
 b - a +0 robe (melded)
 n - a +0 cloak (melded)
Jewellery
 o - an amulet of regeneration (around neck)
Wands
 w - a wand of acid (6/15)
Scrolls
 f - 2 scrolls of teleportation {unknown}
 g - 3 scrolls of identify {unknown}
 i - 2 scrolls of magic mapping {unknown}
 k - 2 scrolls of immolation {unknown}
 l - a scroll of recharging {unknown}
 p - a scroll of remove curse {unknown}
 q - a scroll of enchant armour {unknown}
 t - 4 scrolls of random uselessness {unknown}
 y - a scroll of blinking {unknown}
Potions
 s - a potion of curing
 v - a potion of flight {unknown}
 x - a potion of ambrosia {unknown}
Books
 c - a book of Changes

   Spells                             Type                      Level
   a - Beastly Appendage              Transmutation                1
   b - Sticks to Snakes               Transmutation                2
   c - Spider Form                    Transmutation/Poison         3
   d - Ice Form                       Ice/Transmutation            4
   e - Blade Hands                    Transmutation                5
Comestibles
 d - a chunk of flesh
 m - 3 fruits


   Skills:
 - Level 1.0(0.7) Fighting
 - Level 2.0(1.7) Dodging
 - Level 3.0(2.7) Unarmed Combat
 + Level 2.8(2.5) Spellcasting
 * Level 5.7(5.4) Transmutations
 - Level 2.1(1.8) Poison Magic


You had 4 spell levels left.
You knew the following spells:

 Your Spells              Type           Power        Failure   Level  Hunger
a - Beastly Appendage     Tmut           ###...       10%         1    #......
b - Sticks to Snakes      Tmut           ###.....     14%         2    ###....
c - Spider Form           Tmut/Pois      ##........   36%         3    ###....


Dungeon Overview and Level Annotations

Branches:
Dungeon (3/15)

Altars:
Elyvilon
Fedhas
Qazlal

Annotations:
D:2 exclusion: oklob plant
D:3 Crazy Yiuf


Innate Abilities, Weirdness & Mutations

((You have large cloven feet.))
((You are partially covered in iridescent scales. (AC +2)))
You evolve.


Message History

Crazy Yiuf hits you with a quarterstaff of chaos.
* * * LOW HITPOINT WARNING * * *
You feel drained.
* * * LOW HITPOINT WARNING * * *
Unknown command.
Okay, then.
Okay, then.
Okay, then.
Crazy Yiuf rages.
Crazy Yiuf hits you with a quarterstaff of chaos!
* * * LOW HITPOINT WARNING * * *
Your transformation is almost over.
Okay, then.
Crazy Yiuf barely misses you. Crazy Yiuf closely misses you.
You hit Crazy Yiuf but do no damage.
Crazy Yiuf looks as sick as possible!
Crazy Yiuf is heavily wounded.
Crazy Yiuf hits you with a quarterstaff of chaos!!
Ouch! That really hurt!
You die...

≈≈≈≈...# ### ##'##
#######..# ≈≈≈(..(#
### ##.# #....()).#
.......# #.# #.##
##.######.# ..).#.##
#.# ##.# #.. #.#
#####.#####)# #.##
#.#######.#
............# ##.##
#.......#.#
#####.#....## #...##
#.......... #.#.####
#PPg.# #.......#.#
##.#.# #.s..#
#.......#.# #....#
#####....#
#.......#.#
####.#.## #...##...#
##......#.#
.##....####.#.##..##
#......#.#
.......##...#....##
#......#.#
..........####.###
#......#.#
(........## #.#
#......<.#
).......## ..#
#..####.##
.......#.. #### #.##
#.#


You could see Crazy Yiuf (berserk).

Vanquished Creatures
  The ghost of HumanBeing the Changer, an amateur HuTm (D:3)
  A quasit (D:3)
  2 orc priests (D:3)
  An adder (D:3)
  6 worms
  A dart slug (D:1)
  7 leopard geckos
  7 orcs
  5 bats
  3 giant cockroaches
  12 goblins
  9 hobgoblins
  7 kobolds
  A quokka (D:2)
  A ball python (D:1)
  3 frilled lizards
  6 rats
73 creatures vanquished.

Vanquished Creatures (collateral kills)
  An adder (D:2)
1 creature vanquished.

Grand Total: 74 creatures vanquished

Notes
Turn   | Place    | Note
-------+----------+-------------------------------------------
     0 | D:1      | HumanBeing the Human Transmuter began the quest for the Orb.
     0 | D:1      | Reached XP level 1. HP: 15/15 MP: 3/3
   208 | D:1      | Reached XP level 2. HP: 7/21 MP: 5/5
   212 | D:1      | Learned a level 2 spell: Sticks to Snakes
   567 | D:1      | Reached skill level 3 in Transmutations
   919 | D:1      | Reached XP level 3. HP: 26/26 MP: 6/6
  1006 | D:1      | Learned a level 3 spell: Spider Form
  1101 | D:2      | Found a stormy altar of Qazlal.
  1287 | D:2      | Reached skill level 4 in Transmutations
  1287 | D:2      | Reached XP level 4. HP: 27/32 MP: 1/7
  1374 | D:2      | Found a blossoming altar of Fedhas.
  1401 | D:2      | Noticed an oklob plant
  2092 | D:3      | Noticed HumanBeing's ghost (amateur HuTm)
  2278 | D:3      | Reached skill level 1 in Poison Magic
  2278 | D:3      | Reached XP level 5. HP: 14/37 MP: 2/8
  2436 | D:3      | Reached XP level 6. HP: 43/43 MP: 7/9
  2464 | D:3      | Found a white marble altar of Elyvilon.
  2508 | D:3      | Reached skill level 5 in Transmutations
  2691 | D:3      | Gained mutation: You are partially covered in iridescent scales. (AC +2) [potion of mutation]
  2691 | D:3      | Gained mutation: You have large cloven feet. [potion of mutation]
  2691 | D:3      | Gained mutation: You evolve. [potion of mutation]
  2723 | D:3      | Killed HumanBeing's ghost
  2837 | D:3      | Found a runed door.
  2843 | D:3      | Noticed Crazy Yiuf
  2851 | D:3      | HP: 1/43 [Crazy Yiuf/quarterstaff of chaos (10)]
  2856 | D:3      | Demolished by Crazy Yiuf

Vault maps used:
D:1:      scummos_arrival_gate
D:2:      tgw_fedhas, grunt_qazlal_clouds, minivault_24
D:3:      st_stairs_6, elyvilon_altar_3, uniq_crazy_yiuf_cottage

Skill      XL: |  1  2  3  4  5  6 |
---------------+-------------------+-----
Transmutations | 3 4 5 |  5.7
Poison Magic   | 1 2 |  2.1
Fighting       | |  1.0
Dodging        | |  2.0
Unarmed Combat | |  3.0
Spellcasting   | |  2.8

Action                   |  1- 3 |  4- 6 || total
-------------------------+-------+-------++-------
Melee: Unarmed           |   150 |   236 ||   386
       Punch             |       |     3 ||     3
       Kick              |       |     8 ||     8
 Cast: Spider Form       |     2 |     9 ||    11
       Sticks to Snakes  |     1 |     5 ||     6
  Use: Potion            |       |     6 ||     6
 Stab: Sleeping          |     1 |       ||     1
       Invisible         |       |     5 ||     5
  Eat: Chunk             |     2 |     3 ||     5
       Bread ration      |       |     1 ||     1
Armor: Robe              |    27 |    27 ||    54
       Skin              |     1 |     7 ||     8
Dodge: Dodged            |    94 |   181 ||   275
